3L
ECHO PARK LAKERS @ PANAMA CITY PIRANHAS
07/13/2039
 
TOP OF THE 1ST
Echo Park Lakers batting - Pitching for Panama City Piranhas : RHP Román Mejía
Pitching: RHP Román Mejía
Batting: LHB Wu-shun Chu 0-0: Ball
1-0: Called Strike
1-1: SINGLE (Groundball, 34D, EV 105.6 MPH)
Batting: RHB Ryoma Yamamoto 0-0: Ball
1-0: Fly out, F7 (Flyball, 7LS, EV 90.0 MPH)
Batting: LHB Tomás Muinos 0-0: Fly out, F8 (Line Drive, 8LM, EV 98.1 MPH)
Batting: LHB John Schaefer 0-0: Called Strike
0-1: Swinging Strike
0-2: Ball
1-2: Ball
2-2: Foul Ball, location: 2F
2-2: 2-RUN HOME RUN (Flyball, 78XD, EV 105.6 MPH), Distance : 394 ft
Batting: RHB Angeddy Almanzar 0-0: Swinging Strike
0-1: Ball
1-1: Ball
2-1: Called Strike
2-2: Ball
3-2: Ground out 5-3 (Groundball, 5L, EV 88.8 MPH)
Top of the 1st over - 2 runs, 2 hits, 0 errors, 0 left on base; Echo Park 2 - Panama City 0
BOTTOM OF THE 1ST
Panama City Piranhas batting - Pitching for Echo Park Lakers : RHP Jordan Calhoun
Pitching: RHP Jordan Calhoun
Batting: SHB Tom Dickinson 0-0: Called Strike
0-1: Swinging Strike
0-2: Strikes out swinging
Batting: RHB Kieran Hansen 0-0: Ground out 4-3 (Groundball, 4, EV 80.6 MPH)
Batting: RHB António Mendoza 0-0: Swinging Strike
0-1: Foul Ball, location: 2F
0-2: Ball
1-2: SOLO HOME RUN (Flyball, 7D, EV 99.4 MPH), Distance : 355 ft
Batting: SHB Ben Boston 0-0: SINGLE (Line Drive, 7S, EV 89.4 MPH)
Batting: LHB José Ocasio 0-0: Foul Ball, location: 2F
0-1: Ball
1-1: Foul Ball, location: 2F
1-2: Strikes out swinging
Bottom of the 1st over - 1 run, 2 hits, 0 errors, 1 left on base; Echo Park 2 - Panama City 1
TOP OF THE 2ND
Echo Park Lakers batting - Pitching for Panama City Piranhas : RHP Román Mejía
Batting: RHB Kyu-cheol Kye 0-0: Ball
1-0: Foul Ball, location: 2F
1-1: Swinging Strike
1-2: Strikes out swinging
Batting: SHB Ryan Wood 0-0: Called Strike
0-1: Ball
1-1: Fly out, F9 (Flyball, 9, EV 74.4 MPH)
Batting: RHB Komotay Koffie 0-0: Called Strike
0-1: Ball
1-1: Ball
2-1: Ball
3-1: Base on Balls
Batting: RHB Felipe Campos 0-0: Swinging Strike
0-1: Ball
1-1: Swinging Strike
1-2: Foul Ball, location: 2F
1-2: Foul Ball, location: 2F
1-2: Strikes out swinging
Top of the 2nd over - 0 runs, 0 hits, 0 errors, 1 left on base; Echo Park 2 - Panama City 1
BOTTOM OF THE 2ND
Panama City Piranhas batting - Pitching for Echo Park Lakers : RHP Jordan Calhoun
Batting: RHB Craig Tricket 0-0: Ball
1-0: Foul Ball, location: 2F
1-1: Foul Ball, location: 2F
1-2: Ball
2-2: Ground out 6-3 (Groundball, 6, EV 81.9 MPH)
Batting: RHB Silvio Bonauiti 0-0: Ball
1-0: Foul Ball, location: 2F
1-1: Foul Ball, location: 2F
1-2: Ball
2-2: Ball
3-2: Base on Balls
Batting: RHB Bruno Williams 0-0: Foul Ball, location: 2F
0-1: Ball
1-1: Swinging Strike
1-2: Foul Ball, location: 2F
1-2: Ball
Silvio Bonauiti steals 2nd base
2-2: Ball
3-2: Strikes out swinging
Batting: RHB Chrysler Rodriguez 0-0: Ball
1-0: Ball
2-0: Ball
3-0: Called Strike
3-1: Swinging Strike
3-2: Base on Balls
Batting: SHB Tom Dickinson 0-0: Ground out 3-1 (Groundball, 34, EV 103.1 MPH)
Bottom of the 2nd over - 0 runs, 0 hits, 0 errors, 2 left on base; Echo Park 2 - Panama City 1
TOP OF THE 3RD
Echo Park Lakers batting - Pitching for Panama City Piranhas : RHP Román Mejía
Batting: LHB Wu-shun Chu 0-0: Ground out U3 (Groundball, 3, EV 80.0 MPH)
Batting: RHB Ryoma Yamamoto 0-0: Ball
1-0: Ball
2-0: Fly out, F8 (Flyball, 8LD, EV 100.0 MPH)
Batting: LHB Tomás Muinos 0-0: Ball
1-0: Ball
2-0: Swinging Strike
2-1: Fly out, F5 (Line Drive, 5, EV 63.1 MPH)
Top of the 3rd over - 0 runs, 0 hits, 0 errors, 0 left on base; Echo Park 2 - Panama City 1
BOTTOM OF THE 3RD
Panama City Piranhas batting - Pitching for Echo Park Lakers : RHP Jordan Calhoun
Batting: RHB Kieran Hansen 0-0: Ball
1-0: Ball
2-0: Ground out 6-3 (Groundball, 6, EV 94.4 MPH)
Batting: RHB António Mendoza 0-0: Ball
1-0: Ball
2-0: DOUBLE (Line Drive, 7LM, EV 95.6 MPH)
Batting: SHB Ben Boston 0-0: Swinging Strike
0-1: Swinging Strike
0-2: Ground out 4-3 (Groundball, 4, EV 105.0 MPH)
António Mendoza to third
Batting: LHB José Ocasio 0-0: Called Strike
0-1: Ball
1-1: Called Strike
1-2: Strikes out swinging
Bottom of the 3rd over - 0 runs, 1 hit, 0 errors, 1 left on base; Echo Park 2 - Panama City 1
TOP OF THE 4TH
Echo Park Lakers batting - Pitching for Panama City Piranhas : RHP Román Mejía
Batting: LHB John Schaefer 0-0: Ball
1-0: Called Strike
1-1: Foul Ball, location: 2F
1-2: Fly out, F8 (Flyball, 8LM, EV 82.5 MPH)
Batting: RHB Angeddy Almanzar 0-0: Ball
1-0: Ball
2-0: Foul Ball, location: 2F
2-1: Ground out 5-3 (Groundball, 56, EV 106.2 MPH)
Batting: RHB Kyu-cheol Kye 0-0: Called Strike
0-1: Ball
1-1: Ball
2-1: Ball
3-1: Base on Balls
Batting: SHB Ryan Wood 0-0: Called Strike
0-1: Foul Ball, location: 2F
0-2: Ball
Kyu-cheol Kye is caught stealing 2nd base 2-6
Top of the 4th over - 0 runs, 0 hits, 0 errors, 0 left on base; Echo Park 2 - Panama City 1
BOTTOM OF THE 4TH
Panama City Piranhas batting - Pitching for Echo Park Lakers : RHP Jordan Calhoun
Batting: RHB Craig Tricket 0-0: Called Strike
0-1: Fly out, F8 (Flyball, 8LS, EV 84.4 MPH)
Batting: RHB Silvio Bonauiti 0-0: Called Strike
0-1: Foul Ball, location: 2F
0-2: Foul Ball, location: 2F
0-2: Fly out, F8 (Flyball, 8RD, EV 101.9 MPH)
Batting: RHB Bruno Williams 0-0: Ball
1-0: Called Strike
1-1: Called Strike
1-2: Ball
2-2: Strikes out looking
Bottom of the 4th over - 0 runs, 0 hits, 0 errors, 0 left on base; Echo Park 2 - Panama City 1
TOP OF THE 5TH
Echo Park Lakers batting - Pitching for Panama City Piranhas : RHP Román Mejía
Batting: SHB Ryan Wood 0-0: Ball
1-0: Fly out, F7 (Flyball, 7LS, EV 88.8 MPH)
Batting: RHB Komotay Koffie 0-0: Fly out, F6 (Popup, 6, EV 67.5 MPH)
Batting: RHB Felipe Campos 0-0: Ball
1-0: Ground out 2-3 (Groundball, 2L, EV 71.2 MPH)
Top of the 5th over - 0 runs, 0 hits, 0 errors, 0 left on base; Echo Park 2 - Panama City 1
BOTTOM OF THE 5TH
Panama City Piranhas batting - Pitching for Echo Park Lakers : RHP Jordan Calhoun
Batting: RHB Chrysler Rodriguez 0-0: Foul Ball, location: 2F
0-1: Ground out 6-3 (Groundball, 6, EV 80.6 MPH)
Batting: SHB Tom Dickinson 0-0: Swinging Strike
0-1: Ball
1-1: Ball
2-1: SINGLE (Groundball, 56D, EV 105.0 MPH)
Batting: RHB Kieran Hansen 0-0: Swinging Strike
0-1: Swinging Strike
0-2: Fly out, F8 (Flyball, 8LXD, EV 95.0 MPH)
Pitching: LHP Luis Díaz
Batting: RHB António Mendoza 0-0: Ball
1-0: Foul Ball, location: 2F
1-1: Ball
2-1: Foul Ball, location: 2F
2-2: Reached on error, E5 (Groundball, 5, EV 91.9 MPH)
Tom Dickinson to second
Batting: SHB Ben Boston 0-0: Swinging Strike
0-1: Foul Ball, location: 2F
0-2: Foul Ball, location: 2F
0-2: Strikes out looking
Bottom of the 5th over - 0 runs, 1 hit, 1 error, 2 left on base; Echo Park 2 - Panama City 1
TOP OF THE 6TH
Echo Park Lakers batting - Pitching for Panama City Piranhas : RHP Román Mejía
Batting: LHB Wu-shun Chu 0-0: Ball
1-0: Called Strike
1-1: Called Strike
1-2: Ball
2-2: Foul Ball, location: 2F
2-2: Strikes out swinging
Batting: RHB Ryoma Yamamoto 0-0: Ball
1-0: Foul Ball, location: 2F
1-1: Ball
2-1: Swinging Strike
2-2: Ball
3-2: Base on Balls
Pitching: RHP Tobías Pérez
Batting: LHB Tomás Muinos 0-0: Ball
1-0: Ball
2-0: Called Strike
2-1: Foul Ball, location: 2F
2-2: Ball
3-2: Foul Ball, location: 2F
3-2: Foul Ball, location: 2F
3-2: Foul Ball, location: 2F
3-2: DOUBLE (Flyball, 8RXD, EV 92.5 MPH)
Ryoma Yamamoto to third
Runner from 3rd tries for Home, SAFE, throw by CF to home
Batting: LHB John Schaefer 0-0: Fly out, F8 (Line Drive, 8RM, EV 101.9 MPH)
Batting: RHB Angeddy Almanzar 0-0: Ball
1-0: Swinging Strike
1-1: Called Strike
1-2: Foul Ball, location: 2F
1-2: Strikes out swinging
Top of the 6th over - 1 run, 1 hit, 0 errors, 1 left on base; Echo Park 3 - Panama City 1
BOTTOM OF THE 6TH
Panama City Piranhas batting - Pitching for Echo Park Lakers : LHP Luis Díaz
Batting: LHB José Ocasio 0-0: Foul Ball, location: 2F
0-1: Ball
1-1: Called Strike
1-2: Ground out 1-3 (Groundball, 13, EV 91.9 MPH)
Batting: RHB Craig Tricket 0-0: Ball
1-0: Ball
2-0: Called Strike
2-1: Foul Ball, location: 2F
2-2: Strikes out swinging, 2-3 out at first.
Batting: RHB Silvio Bonauiti 0-0: Swinging Strike
0-1: Fly out, F3 (Popup, 3, EV 76.2 MPH)
Bottom of the 6th over - 0 runs, 0 hits, 0 errors, 0 left on base; Echo Park 3 - Panama City 1
TOP OF THE 7TH
Echo Park Lakers batting - Pitching for Panama City Piranhas : RHP Tobías Pérez
Batting: RHB Kyu-cheol Kye 0-0: Ball
1-0: SOLO HOME RUN (Flyball, 7D, EV 93.8 MPH), Distance : 348 ft
Batting: SHB Ryan Wood 0-0: Ball
1-0: Ball
2-0: Called Strike
2-1: Ball
3-1: Fly out, F8 (Flyball, 78M, EV 80.0 MPH)
Batting: RHB Komotay Koffie 0-0: Fly out, F7 (Flyball, 78M, EV 91.2 MPH)
Batting: RHB Felipe Campos 0-0: Fly out, F7 (Flyball, 7LSF, EV 81.2 MPH)
Top of the 7th over - 1 run, 1 hit, 0 errors, 0 left on base; Echo Park 4 - Panama City 1
BOTTOM OF THE 7TH
Panama City Piranhas batting - Pitching for Echo Park Lakers : LHP Luis Díaz
Batting: RHB Bruno Williams 0-0: Ball
1-0: Ball
2-0: Ground out 6-3 (Groundball, 6, EV 81.2 MPH)
Batting: RHB Chrysler Rodriguez 0-0: Ball
1-0: Foul Ball, location: 2F
1-1: SINGLE (Flyball, 56D, EV 92.5 MPH)
Pitching: RHP Mark Collingwood
Batting: SHB Tom Dickinson 0-0: Ball
1-0: DOUBLE (Line Drive, 8LXD, EV 105.0 MPH)
Chrysler Rodriguez to third
Batting: RHB Kieran Hansen 0-0: Called Strike
0-1: Fly out, F7 (Flyball, 7S, EV 83.8 MPH)
Lined into DP, 7-4 (Flyball, 7S, EV 83.8 MPH)
Bottom of the 7th over - 0 runs, 2 hits, 0 errors, 1 left on base; Echo Park 4 - Panama City 1
TOP OF THE 8TH
Echo Park Lakers batting - Pitching for Panama City Piranhas : RHP Tobías Pérez
Batting: LHB Wu-shun Chu 0-0: Called Strike
0-1: Swinging Strike
0-2: Ball
1-2: Fly out, F9 (Line Drive, 9, EV 105.0 MPH)
Batting: RHB Ryoma Yamamoto 0-0: Called Strike
0-1: Ball
1-1: Ball
2-1: Ground out 5-3 (Groundball, 5, EV 82.5 MPH)
Batting: LHB Tomás Muinos 0-0: Called Strike
0-1: Fly out, F4 (Popup, 23, EV 81.9 MPH)
Top of the 8th over - 0 runs, 0 hits, 0 errors, 0 left on base; Echo Park 4 - Panama City 1
BOTTOM OF THE 8TH
Panama City Piranhas batting - Pitching for Echo Park Lakers : RHP Mark Collingwood
Batting: RHB António Mendoza 0-0: Ball
1-0: Ground out 6-3 (Groundball, 6, EV 101.9 MPH)
Batting: SHB Ben Boston 0-0: Ball
1-0: Called Strike
1-1: Called Strike
1-2: Ground out 4-3 (Groundball, 4, EV 92.5 MPH)
Batting: LHB José Ocasio 0-0: Called Strike
0-1: SOLO HOME RUN (Flyball, 9D, EV 85.0 MPH), Distance : 367 ft
Batting: RHB Craig Tricket 0-0: Ground out 5-3 (Groundball, 56S, EV 86.9 MPH)
Bottom of the 8th over - 1 run, 1 hit, 0 errors, 0 left on base; Echo Park 4 - Panama City 2
TOP OF THE 9TH
Echo Park Lakers batting - Pitching for Panama City Piranhas : RHP Tobías Pérez
Pitching: RHP Kenny Kawaguchi
Batting: LHB John Schaefer 0-0: Called Strike
0-1: Ground out 4-3 (Groundball, 4, EV 98.1 MPH)
Batting: RHB Angeddy Almanzar 0-0: Called Strike
0-1: Fly out, F5 (Popup, 5F, EV 61.9 MPH)
Batting: RHB Kyu-cheol Kye 0-0: Swinging Strike
0-1: Ball
1-1: Ball
2-1: Foul Ball, location: 2F
2-2: Foul Ball, location: 2F
2-2: SINGLE (Flyball, 78S, EV 85.6 MPH)
Batting: SHB Ryan Wood 0-0: Ball
1-0: Foul Ball, location: 2F
1-1: Called Strike
1-2: Ground out 6-3 (Groundball, 6M, EV 101.2 MPH)
Top of the 9th over - 0 runs, 1 hit, 0 errors, 1 left on base; Echo Park 4 - Panama City 2
BOTTOM OF THE 9TH
Panama City Piranhas batting - Pitching for Echo Park Lakers : RHP Mark Collingwood
Pitching: RHP Corbin Holling
Now at 1B: Phil Gillespie
Now in RF: Juan Macíel
Batting: RHB Silvio Bonauiti 0-0: Ball
1-0: Foul Ball, location: 2F
1-1: Ball
2-1: Fly out, F8 (Line Drive, 8RM, EV 93.1 MPH)
Batting: RHB Bruno Williams 0-0: Called Strike
0-1: Called Strike
0-2: Strikes out swinging
Batting: RHB Chrysler Rodriguez 0-0: Called Strike
0-1: Ball
1-1: Ball
2-1: Foul Ball, location: 2F
2-2: Foul Ball, location: 2F
2-2: Foul Ball, location: 2F
2-2: SINGLE (Groundball, 6MD, EV 96.9 MPH)
Batting: SHB Tom Dickinson 0-0: Foul Ball, location: 2F
0-1: Ball
1-1: Ball
2-1: Foul Ball, location: 2F
2-2: Strikes out swinging
Bottom of the 9th over - 0 runs, 1 hit, 0 errors, 1 left on base; Echo Park 4 - Panama City 2
Wednesday, July 8th, 2020 - OOTP Baseball 20.8 Build 74